cohdb
Replays
Latest Replays
All Replays
Popular Replays
Top Player Replays
Match Explorer
How It Works
Community
CoH3 Stats
Reddit
Sign in to upload your games and track your stats! →
Sign in with Steam
Match 42873290
Unlisted
Match 42873290
Overview
Messages
Build Orders
End
Selects Airborne Battlegroup
Scout Squad
Selects Pathfinders
Construct Weapon Support Center
M1919 Machine Gun Team
Engineer Squad
Mechanized Support Center
Selects Paratrooper Squad Paradrop
Paratrooper Squad Paradrop
Bazooka Squad
Paratrooper Squad Paradrop
Construct Tank Depot
Selects Anti-tank Gun Team Paradrop
Anti-tank Gun Team Paradrop
Selects Recon Loiter
Paratrooper Squad Paradrop
M4(105) Sherman Bulldozer
Selects Supply Drop
Construct Medical Station
Mario[Pointrunner]
Pomni[Pointrunner]
Einherjer
Quasi saur
R.U.C
Fire [Goat Company]
Team saupiquet
Clara
0
0
Comments
sign in to comment!
No comments posted yet!